 Dungeon Crawl Stone Soup version bcrawl-1.19.2-6-g6a88ae04c9 (webtiles) character file.

Game seed: 9436345478297407564

31 Mrkan the Covered (level 3, 0/33 HPs)
             Began as a Minotaur Fighter on Jan 7, 2020.
             Slain by a kobold
             ... wielding a cursed +0 short sword
              (6 damage)
             ... on level 2 of the Dungeon.
             The game lasted 00:01:21 (717 turns).

Mrkan the Covered (Minotaur Fighter)                 Turns: 717, Time: 00:01:22

Health: 0/33       AC:  7    Str: 20    XL:     3   Next: 7%
Magic:  2/2        EV:  7    Int:  5    God:
Gold:   125        SH:  9    Dex: 10    Spells: 2/2 levels left

rFire    . . .     SeeInvis .   a - +0 war axe
rCold    . . .     Gourm    .   c - +0 shield
rNeg     . . .     Faith    .   b - +0 scale mail
rPois    .         Spirit   .   (helmet restricted)
rElec    .         Reflect  .   (no cloak)
rCorr    .         Harm     .   (no gloves)
MR       .....                  (no boots)
Stlth    ..........             (no amulet)
HPRegen  0.11/turn              (no ring)
MPRegen  0.08/turn              (no ring)

@: no status effects
A: retaliatory headbutt, horns 2
a: no special abilities


You were on level 2 of the Dungeon.
You were not hungry.

You visited 1 branch of the dungeon, and saw 2 of its levels.

You collected 125 gold pieces.

Inventory:

Hand Weapons
 a - a +0 war axe (weapon)
Missiles
 q - 65 javelins (quivered)
Armour
 b - a +0 scale mail (worn)
 c - a +0 shield (worn)
 e - a +0 chain mail
Wands
 o - a wand of polymorph (6)
Scrolls
 h - 6 scrolls of identify {unknown}
 i - a scroll of immolation {unknown}
 j - a scroll of teleportation {unknown}
 k - a scroll of remove curse {unknown}
 n - a scroll of noise {unknown}
 p - 2 scrolls of blinking {unknown}
Potions
 d - a potion of might
 g - a potion of brilliance {unknown}
 m - a potion of curing {unknown}
Comestibles
 f - 6 rations {!d}


   Skills:
 + Level 4.0 Fighting
 * Level 3.3 Axes
 + Level 4.0 Armour
 + Level 4.0 Shields


You had 2 spell levels left.
You didn't know any spells.
Your spell library was empty.

Dungeon Overview and Level Annotations

Branches:
Dungeon (2/12)

Altars:
Nemelex Xobeh


Innate Abilities, Weirdness & Mutations

You reflexively headbutt those who attack you in melee.
You have a pair of horns on your head.


Message History

You barely miss the orc. You headbutt the orc.
The orc is heavily wounded.
You slash the orc!
You kill the orc!
You have reached level 3!
Your experience leads to an increase in your attributes!
Increase (S)trength, (I)ntelligence, or (D)exterity?
You feel agile.
You hit the giant cockroach.
You kill the giant cockroach!
Your Fighting skill increases to level 4!
Your Shields skill increases to level 4!
You closely miss the kobold. The orc hits you with a +0 trident!
* * * LOW HITPOINT WARNING * * *
You block the kobold's attack. The orc hits you with a +0 trident.
* * * LOW HITPOINT WARNING * * *
You block the orc's attack.
The kobold hits you with a cursed +0 short sword.
You die...

#.............................
#...#.(..###.##..###.#####..##
#...#.[..# #.##..# #.# #..#
#....)...# #.##..###.#####..#
#.......K###.##.............##
...............<...............
.....#....#######..............
..........K...........#####.###
...........o.K@.......# #.###
###.##.########.#####.# #....
#.... ..............# #####
#.##. #############.# . .. #.#
#.# ###


You could see an orc and 2 kobolds.

Vanquished Creatures
  2 oozes
  3 orcs (D:2)
  2 bats (D:1)
  3 giant cockroaches
  3 goblins
  A hobgoblin (D:1)
  A frilled lizard (D:1)
  A kobold (D:2)
  2 rats (D:1)
18 creatures vanquished.

Notes
Turn   | Place    | Note
-------+----------+-------------------------------------------
     0 | D:1      | Mrkan the Minotaur Fighter began the quest for the Orb.
     0 | D:1      | Reached XP level 1. HP: 19/19 MP: 0/0
     2 | D:1      | Noticed a vine stalker
     4 | D:1      | Noticed a troll
     4 | D:1      | Noticed a human
     6 | D:1      | Noticed a gargoyle
     6 | D:1      | Noticed a formicid
     8 | D:1      | Noticed a halfling
    10 | D:1      | Noticed a demigod
    10 | D:1      | Noticed a merfolk
    12 | D:1      | Noticed a minotaur
    12 | D:1      | Noticed an elf
    14 | D:1      | Noticed a spriggan
    14 | D:1      | Noticed a naga
    16 | D:1      | Noticed a vampire
    16 | D:1      | Noticed a dwarf
    18 | D:1      | Noticed an ogre
    18 | D:1      | Noticed a draconian
    20 | D:1      | Noticed a ghoul
    20 | D:1      | Noticed a demonspawn
    22 | D:1      | Noticed an octopode
    24 | D:1      | Noticed a tengu
    24 | D:1      | Noticed a felid
    26 | D:1      | Noticed a centaur
    95 | D:1      | Reached XP level 2. HP: 26/27 MP: 1/1
   621 | D:2      | Found a sparkling altar of Nemelex Xobeh.
   708 | D:2      | Reached XP level 3. HP: 14/33 MP: 2/2
   717 | D:2      | Slain by a kobold

Skill      XL: |  1  2  3 |
---------------+----------+-----
Axes           | 3 |  3.3
Armour         | 4 |  4.0
Fighting       | 4 |  4.0
Shields        | 4 |  4.0

Action                   || total
-------------------------++-------
Melee: War axe           ||    27
       Headbutt          ||     6
Armor: Scale mail        ||    20
Dodge: Dodged            ||    20
Block: Shield            ||    25
